[Event "76th Montenegro Championship 2024"]
[Site "Podgorica"]
[Date "2024.02.07"]
[Round "2.7"]
[White "Musovic, Armin"]
[Black "Ivanovic, Bozidar"]
[Result "1-0"]
[ECO "D40"]
[WhiteElo "2268"]
[BlackElo "2403"]
[Annotator "TA"]
[PlyCount "83"]
[EventDate "2024.02.06"]
[EventType "swiss"]
[EventCountry "MNE"]
[SourceTitle "playchess.com"]
[Source "ChessBase"]
[SourceQuality "1"]
[TimeControl "40/5400+30:1800+30"]

1. a3 d5 2. d4 Nf6 3. Nf3 e6 4. e3 c5 5. c4 dxc4 6. Bxc4 Nc6 7. O-O a6 8. Nc3 cxd4 9. exd4 Be7 10. Ba2 O-O {[%emt 0:01:09] White is slightly better.} 11. Re1 Nd5 {[%emt 0:10:35] Prevents Bf4} 12. Ne4 Nf6 13. Nc3 Nd5 $1 {[%emt 0:00:40] Dodges Bf4} 14. Ne4 Nf6 $1 15. h4 Nxe4 16. Rxe4 Bf6 ({Better is} 16... Bd7 $11) 17. Bf4 (17. Bg5 $14) 17... Ne7 18. Rc1 Nd5 {[%emt 0:01:11] Prevents Bc7.} 19. Bg3 Bd7 20. h5 Bc6 {[%emt 0:01:09][%cal Od5c3] And now ...Nc3! would win.} 21. Rg4 Ne7 22. Ne5 Bd5 23. Bb1 Nf5 24. Qd3 Bxe5 ({Black should try} 24... Rc8 $15 25. Re1 Qa5) 25. Bxe5 {[%emt 0:04:02][%cal Og4g7] Hoping for Rxg7+!} f6 26. Bf4 Rf7 27. Qc2 Re7 28. Be3 Qe8 29. Rh4 {[%emt 0:08:52] [#]} g5 $2 ({Not} 29... Nxh4 30. Qxh7+ Kf8 31. h6 $14) ({Black should play} 29... Bxg2 $1 $19 {White must now prevent ...g5.} 30. Rf4 Bc6 31. Rxf5 exf5 32. Qxf5 Be4 (32... Rxe3 33. Qxh7+ Kf8 34. Qh8+ Ke7 35. Qxe8+ Bxe8 36. fxe3 $16) 33. Bxe4 Rxe4) 30. Rh2 g4 (30... Rd8 $15) 31. Qe2 $11 Rg7 32. h6 Rg6 33. Rh5 Nxe3 34. Qxe3 $16 f5 35. Qe5 $36 {[%emt 0:00:06][%mdl 2048] Threatens to win with Rc7. Keeping Black busy. Black is weak on the dark squares} Rc8 36. Re1 {[%emt 0:00:27] White is more active.} (36. Rxc8 $16 Qxc8 37. Bxf5 Qc1+ 38. Kh2 g3+ 39. fxg3 Rxh6 40. Rh4) 36... Qf7 37. Bxf5 $2 {[%emt 0:00:51] [#]} Qf6 $4 38. Bxg6 $18 {[%emt 0:00:29] White is clearly winning.} Qxe5 39. Bxh7+ Kxh7 40. Rexe5 g3 41. fxg3 Rc2 42. Reg5 {[%emt 0:03:44] Weighted Error Value: White=0.37/Black=0.23 (precise) .  Loses game:     	White=1     	---        Missed win:     	---       	Black=1      Mistake:       	White=3     	Black=5      Inaccurate:     	White=7     	Black=1      OK:         	White=5     	Black=8      Best:        	White=1     	Black=3      Strong:       	---       	Black=2} 1-0

[Event "76th Montenegro Championship 2024"]
[Site "Podgorica"]
[Date "2024.02.07"]
[Round "2.8"]
[White "Tomic, Aleksandar"]
[Black "Milovic, Jovan"]
[Result "0-1"]
[ECO "E70"]
[WhiteElo "2398"]
[BlackElo "2223"]
[Annotator "TA"]
[PlyCount "74"]
[EventDate "2024.02.06"]
[EventType "swiss"]
[EventCountry "MNE"]
[SourceTitle "playchess.com"]
[Source "ChessBase"]
[SourceQuality "1"]
[TimeControl "40/5400+30:1800+30"]

1. d4 Nf6 2. c4 g6 3. Nc3 Bg7 4. e4 O-O 5. Be3 c6 6. f3 d5 7. e5 Ne8 8. cxd5 cxd5 9. f4 Nc6 {[%emt 0:02:20] White is slightly better.} 10. Nf3 Nc7 11. Bd3 Bf5 (11... f6 $14) 12. Bxf5 $16 gxf5 13. O-O Rc8 14. Kh1 f6 15. Qd2 Qd7 16. Rac1 Ne6 17. Ne2 Kh8 18. Nh4 Nc7 19. Ng3 e6 20. Nh5 Qf7 21. Nxg7 Qxg7 22. Rf3 $36 {[%emt 0:00:58][%cal Bf1f3,Bf3g3,Bg3h3][%mdl 2080] White is really pushing.} Qg4 23. Bf2 {[%emt 0:05:00] Strongly threatening Rb3.} fxe5 (23... Qg7 $16 {was called for.} 24. Rg3 Qd7) 24. dxe5 d4 25. Rg3 Qh5 26. Nf3 Nd5 {[%emt 0:02:03] [#]} (26... Qe8 $16 27. Rc4 (27. Bxd4 Rd8 $16) (27. Nxd4 Nxd4 28. Bxd4 Nd5 $16) 27... Nd5 28. Bxd4 (28. Nxd4 Nxd4 29. Rxd4 Qc6 $14) 28... Rd8) 27. Ng5 $1 $18 (27. Nxd4 $6 Nxd4 28. Bxd4 Rxc1+ 29. Qxc1 Qe8 $16) 27... Qe8 28. Rh3 $1 (28. Bxd4 Nxd4 29. Rxc8 Qxc8 $14) 28... h5 29. Rf1 (29. Bxd4 $6 Nxd4 30. Rxc8 Qxc8 $16) 29... Kg7 (29... Rg8 $16 {might work better.} 30. Bxd4 Nxd4) 30. Bxd4 Nxd4 31. Qxd4 Kh6 32. Qd1 {[%emt 0:01:18][%cal Og5e6] Nxe6! would now be deadly.} Rg8 33. Qf3 (33. g4 Nxf4 34. Rxf4 Rxg5 (34... Kxg5 35. Rxh5+ $14) 35. gxf5 Rd8 $17) 33... Rc2 (33... Qg6 $16) 34. g4 $2 (34. Rd1 $18 {[%cal Og5e6] Threatens to win with Nxe6!} Rxb2 35. Nxe6 Qxe6 36. Rxh5+ (36. Qxd5 {gets mated.} Qxd5) (36. Rxd5 Rg4 $14) 36... Kg7 37. Rg5+ (37. Rxd5 Qxd5 38. Rg5+ Kf8 $16) 37... Kf7 38. Rxg8 (38. Rxd5 Rxg5 39. fxg5 Rb1+ 40. Rd1 Rxd1+ 41. Qxd1 Qxe5 $11) (38. Qxd5 Qxd5 39. Rg1 Rxg5 40. fxg5 Rxa2 41. h3 Qxe5 42. Rd1 Qg3 43. g6+ Kxg6) 38... Kxg8 39. Rxd5 (39. Qxd5 Qxd5 40. Rg1 Rxa2 41. e6 b5 42. h3 a5 43. e7 Kf7 44. Kh2 Qf3 45. Kh1 Qg3 46. e8=R Kxe8) 39... Rb1+ 40. Rd1 Qxa2 41. h4 Rxd1+ 42. Qxd1) 34... fxg4 $17 {[%emt 0:01:51] Black is more active.} 35. Qxg4 {[%emt 0:00:01] [#]} (35. Qe4 Qg6 (35... Rxb2 36. Qh7#) 36. Rb3 Qxe4+ 37. Nxe4) 35... Ne3 $1 $19 {[%emt 0:00:29][%mdl 512] Black is clearly winning.} 36. Qf3 (36. Qxe6+ Qxe6) 36... Nxf1 37. Qd3 {[%emt 0:00:29] Inhibits Nd2.} Qc6+ {[%emt 0:01:22] Weighted Error Value: White=0.59/Black=0.18 (very precise) .  Missed win:     	White=1     	---        Mistake:       	White=1     	Black=5      OK:         	White=13    	Black=4      Best:        	---       	Black=3      Strong:       	White=1     	---        Brilliant:      	---       	Black=1} ({Not} 37... Rxb2 38. Qh7#) 0-1

[Event "76th Montenegro Championship 2024"]
[Site "Podgorica"]
[Date "2024.02.07"]
[Round "2.9"]
[White "Miletic, Vuk"]
[Black "Drasko, Milan"]
[Result "1/2-1/2"]
[ECO "E28"]
[WhiteElo "2213"]
[BlackElo "2339"]
[Annotator "TA"]
[PlyCount "25"]
[EventDate "2024.02.06"]
[EventType "swiss"]
[EventCountry "MNE"]
[SourceTitle "playchess.com"]
[Source "ChessBase"]
[SourceQuality "1"]
[TimeControl "40/5400+30:1800+30"]

1. d4 e6 2. c4 Nf6 3. Nc3 Bb4 4. a3 Bxc3+ 5. bxc3 c5 6. e3 b6 7. Bd3 Bb7 8. f3 Nc6 9. Ne2 O-O 10. O-O Na5 11. e4 Ne8 12. f4 (12. dxc5 $11 Qc7 13. Be3) 12... f5 13. exf5 {[%emt 0:16:46] Weighted Error Value: White=0.25 (precise) /Black=0.20 (precise) .  Mistake:       	White=1     	---} 1/2-1/2

[Event "76th Montenegro Championship 2024"]
[Site "Podgorica"]
[Date "2024.02.07"]
[Round "2.10"]
[White "Sukovic, Andrej"]
[Black "Scekic, Veljko"]
[Result "1-0"]
[ECO "B01"]
[WhiteElo "2339"]
[BlackElo "2206"]
[Annotator "RC"]
[PlyCount "121"]
[EventDate "2024.02.06"]
[EventType "swiss"]
[EventCountry "MNE"]
[SourceTitle "playchess.com"]
[Source "ChessBase"]
[SourceQuality "1"]
[TimeControl "40/5400+30:1800+30"]

1. e4 d5 2. exd5 Qxd5 3. Nc3 Qd8 4. d4 c6 5. Bc4 Nf6 6. Nf3 Bf5 7. Ne5 e6 8. g4 Be4 9. Nxe4 Nxe4 10. Qf3 Nd6 11. Bd3 Nd7 12. Bd2 Be7 13. h4 Bxh4 14. Bb4 Nxe5 15. dxe5 Nc8 16. O-O-O Bg5+ 17. Kb1 Qc7 18. Bxh7 c5 19. Bc3 Nb6 20. Be4 Ke7 21. Qg3 Rad8 22. f4 Rxd1+ 23. Rxd1 Bh4 24. Qf3 Na4 25. Bd2 Rd8 26. b3 Rxd2 27. Rxd2 Be1 28. Qe3 Bxd2 29. Qxd2 Nb6 30. Qh2 g5 31. fxg5 Nd7 32. g6 fxg6 33. Qh4+ Kf8 34. Bxg6 Qxe5 35. Qd8+ Kg7 36. Qxd7+ Kxg6 37. Qxb7 Kg5 38. Qxa7 Kxg4 39. a4 Qe1+ 40. Kb2 Qe5+ 41. Ka2 Qc3 42. Qh7 e5 43. Qe4+ Kg5 44. Kb1 Kf6 45. Kc1 Ke7 46. Kd1 Kf6 47. Ke2 Ke7 48. Qc4 Qa5 49. Kd3 Kd6 50. Qb5 Qa7 51. a5 c4+ 52. Ke2 Qa8 53. Qb4+ Kd7 54. Qa4+ Ke7 55. Qxc4 Qxa5 56. b4 Qb6 57. c3 Qg1 58. Qc7+ Ke6 59. Qc6+ Ke7 60. b5 Qg4+ 61. Kd3 1-0

[Event "76th Montenegro Championship 2024"]
[Site "Podgorica"]
[Date "2024.02.07"]
[Round "2.11"]
[White "Pobor, Milo"]
[Black "Nikcevic, Nebojsa"]
[Result "0-1"]
[ECO "C49"]
[WhiteElo "2201"]
[BlackElo "2338"]
[Annotator "TA"]
[PlyCount "72"]
[EventDate "2024.02.06"]
[EventType "swiss"]
[EventCountry "MNE"]
[SourceTitle "playchess.com"]
[Source "ChessBase"]
[SourceQuality "1"]
[TimeControl "40/5400+30:1800+30"]

1. e4 e5 2. Nf3 Nc6 3. Nc3 Nf6 4. Bb5 Bb4 5. O-O Bxc3 6. bxc3 d6 7. Re1 Bd7 8. d4 O-O 9. Bg5 h6 10. Bh4 Re8 11. h3 {[%emt 0:06:46] White is slightly better.} b6 12. Qd3 a6 13. Bxa6 exd4 14. Bb7 (14. Nxd4 Ne5 15. Qf1 Ng6 16. Bxf6 Qxf6 $16) 14... Ra3 15. Bxc6 (15. Nxd4 Ne5 16. Qd2 Qb8 $15) 15... Rxc3 (15... Bxc6 $14 16. Nxd4 Bd7) 16. Qxd4 ({White has to play} 16. Bxf6 $1 $16 gxf6 17. Qd2 (17. Qxd4 Rxc6 18. Qd2 Kh7 $14) 17... Rxc6 18. Qxh6) 16... Rxc6 $11 17. Rad1 g5 (17... Rxc2 $2 18. e5 $18) 18. Bg3 (18. e5 $2 dxe5 (18... Nh5 19. Bg3 $15) 19. Qa1 (19. Nxe5 $2 Rd6 $19) 19... gxh4 $19) (18. Nxg5 $5 hxg5 19. Bxg5 $15) 18... Nh5 19. Bh2 Be6 ({Black should try} 19... Rc5 $15) 20. g4 $1 $14 Rc4 21. Qd3 Nf4 22. Bxf4 gxf4 23. Nd4 $2 {[%emt 0:04:21] [#]} (23. e5 $14) 23... Ra4 (23... Rc5 $1 $17 24. Nf5 Qg5 (24... Bxa2 25. Nxh6+ Kf8 26. Nf5 $11)) 24. Qf3 ({Better is} 24. e5 $11) 24... Qf6 (24... Bxa2 25. Qxf4 Qg5 26. Qxg5+ hxg5 27. Kg2 $11) (24... Qg5 $1 $15 {deserves consideration.}) 25. Ne2 Bxa2 26. Nxf4 d5 27. Qg3 {[%emt 0:00:36] Black must now prevent Nh5.} Raxe4 (27... dxe4 $6 28. Nh5 Qe5 29. Qh4 $16) 28. Rxe4 $40 {[%emt 0:00:07][%mdl 128] Black needs to defend precisely.} dxe4 29. Nh5 Qg5 {[%emt 0:02:16] [#] This costs Black the game.} (29... Qe5 $1 $11) 30. Qc3 $1 $18 {[%emt 0:00:35] Nf6+ is the strong threat.} (30. Qxc7 e3 31. Qc3 (31. Qxb6 e2 $11) 31... Qe5 32. Qxe5 Rxe5 $11) 30... Qe5 (30... Re5 $142 31. Qc6 (31. Qxc7 Kh7 $18) 31... Kh7) 31. Qc6 Re6 {[%emt 0:00:33] Dodges Nf6+} (31... Qe6 $142 32. Nf6+ (32. Qxc7 e3 $11) 32... Kf8 33. Qxe8+ Qxe8 34. Nxe8 Kxe8) 32. Qa8+ Kh7 33. Qxa2 {[%emt 0:00:33] Rd5 would now be deadly.} e3 {[%emt 0:00:17] And now ...exf2+ would win.} 34. c4 Rd6 35. Qc2+ f5 (35... Kg8 $142 36. Rxd6 exf2+ 37. Qxf2 Qxd6) 36. Re1 (36. gxf5 $2 {too greedy.} exf2+ 37. Kf1 (37. Kg2 $2 Qe1 $19) 37... Qh2 $19) (36. Rxd6 $142 {White threatens Rd7+ and mate.} cxd6 37. fxe3 (37. Qxf5+ $2 {is the wrong capture.} Qxf5 38. gxf5 e2 $19) (37. gxf5 $2 e2 $19) 37... Qxe3+ 38. Kg2) 36... Rd2 {[%emt 0:00:09][%mdl 32768] Weighted Error Value: White=0.40/Black=0.52.  Loses game:     	---       	Black=1      Mistake:       	White=4     	Black=7      Inaccurate:     	---       	Black=1      OK:         	White=10    	Black=9      Best:        	White=3     	Black=2      Strong:       	White=2     	---       . Loss on time!?} 0-1

[Event "76th Montenegro Championship 2024"]
[Site "Podgorica"]
[Date "2024.02.07"]
[Round "2.12"]
[White "Vujosevic, Vladimir"]
[Black "Vujovic, Savo"]
[Result "0-1"]
[ECO "B31"]
[WhiteElo "2335"]
[BlackElo "2137"]
[Annotator "TA"]
[PlyCount "58"]
[EventDate "2024.02.06"]
[EventType "swiss"]
[EventCountry "MNE"]
[SourceTitle "playchess.com"]
[Source "ChessBase"]
[SourceQuality "1"]
[TimeControl "40/5400+30:1800+30"]

1. e4 c5 2. Nf3 Nc6 3. Bb5 g6 4. O-O Bg7 5. c3 e5 6. d4 cxd4 7. cxd4 exd4 8. Bf4 Nge7 9. Bd6 {[%emt 0:00:52][%mdl 1024] White has compensation.} a6 10. Bc4 b5 11. Bd5 O-O {[%emt 0:00:19] White has an edge.} 12. Nbd2 Nxd5 13. Bxf8 Qxf8 14. exd5 Nb4 15. Nb3 d3 16. a3 Nxd5 {[%emt 0:00:12][%cal Od5f4] Black wants to play ...Nf4!} ({Don't play} 16... Nc2 $6 17. Ra2 d6 18. Qxd3 $16) 17. Qxd3 Bb7 18. Na5 (18. Nbd4 $11) 18... Nf4 $15 19. Qe3 ({White should play} 19. Qd2 $15 Bh6 (19... Nh3+ 20. Kh1 $14) 20. Qb4 (20. Nxb7 $2 {is the wrong capture.} Nh3+ 21. gxh3 Bxd2 $19) 20... Bxf3 21. Qxf8+ Kxf8 22. gxf3) 19... Bh6 $1 $17 {[%emt 0:00:44][%cal Of4h3] Black is more active.} 20. Qb3 (20. Nxb7 $17 Nh3+ 21. gxh3 Bxe3 22. fxe3) 20... Bd5 $1 $19 21. Qd1 Re8 $1 22. Re1 {[%emt 0:05:35] Wards off Ne2+} Rxe1+ $1 23. Nxe1 {[%emt 0:00:14] [#] White is weak on the light squares} Qd8 $1 24. b4 (24. Nb3 {was the only defense.}) 24... Qg5 25. f3 Bg7 {[%emt 0:06:41] aiming for ...Nh3+.} 26. Rb1 $2 (26. Kf1) 26... Nh3+ {[%emt 0:05:47] Black is clearly winning.} 27. Kf1 {[%emt 0:00:26] [#]} Qe3 $1 28. gxh3 {[%emt 0:03:22] And now Ng2 would win.} (28. Qc2 Bd4) 28... Bd4 {[%emt 0:00:14] A strong pair of Bishops.} 29. Qc2 {[%emt 0:02:12] Prevents Qf2+.} Bxf3 {[%emt 0:00:26] Weighted Error Value: White=0.65/Black=0.03 (flawless) .  Mistake:       	White=5     	---        OK:         	White=7     	Black=8      Best:        	White=1     	Black=4      Strong:       	---       	Black=3} 0-1

[Event "76th Montenegro Championship 2024"]
[Site "Podgorica"]
[Date "2024.02.07"]
[Round "2.13"]
[White "Krstonijevic, Stjepan"]
[Black "Djurovic, Peko"]
[Result "1/2-1/2"]
[ECO "B31"]
[WhiteElo "2108"]
[BlackElo "2332"]
[Annotator "TA"]
[PlyCount "52"]
[EventDate "2024.02.06"]
[EventType "swiss"]
[EventCountry "MNE"]
[SourceTitle "playchess.com"]
[Source "ChessBase"]
[SourceQuality "1"]
[TimeControl "40/5400+30:1800+30"]

1. e4 c5 2. Nf3 Nc6 3. Bb5 g6 4. O-O Bg7 5. Re1 Nf6 6. e5 Ng4 7. Bxc6 dxc6 8. d3 O-O 9. Nc3 b6 10. Bf4 Nh6 11. Ne4 Nf5 12. Qd2 Nd4 13. Nxd4 cxd4 14. Bh6 c5 15. Qg5 f6 16. Qh4 Bb7 17. Re2 Qd5 {[%emt 0:00:00] aiming for ...Bxh6.} 18. exf6 exf6 {[%emt 0:00:00] ...f5 is the strong threat.} 19. f3 {[%emt 0:06:28] Bxg7 would now be deadly.} Bc6 20. Rae1 {[%emt 0:02:47] Black must now prevent Bxg7.} a5 $2 (20... Rae8 $14) 21. Bxg7 $18 Kxg7 {[%emt 0:00:00] [#]} 22. Nd6 $2 Qxd6 $11 {[%emt 0:00:00] The position is equal.} 23. Re7+ Rf7 24. Rxf7+ Kxf7 25. Qxh7+ Kf8 26. Qh6+ Kf7 {[%emt 0:00:00] Weighted Error Value: White=0.37/Black=0.82.  Loses game:     	---       	Black=1      Missed win:     	White=1     	---        Inaccurate:     	---       	Black=1      OK:         	White=4     	Black=2      Best:        	White=1     	Black=2} 1/2-1/2

[Event "76th Montenegro Championship 2024"]
[Site "Podgorica"]
[Date "2024.02.07"]
[Round "2.14"]
[White "Nenezic, Danilo"]
[Black "Milovic, Ilija"]
[Result "1-0"]
[ECO "C00"]
[WhiteElo "2086"]
[BlackElo "1823"]
[Annotator "NA RC"]
[PlyCount "67"]
[EventDate "2024.02.06"]
[EventType "swiss"]
[EventCountry "MNE"]
[SourceTitle "playchess.com"]
[Source "ChessBase"]
[SourceQuality "1"]
[TimeControl "40/5400+30:1800+30"]

1. e4 e6 2. d3 d5 3. Nd2 c5 4. g3 Nc6 5. Bg2 Nf6 6. Ngf3 Be7 7. O-O O-O 8. Re1 Qc7 9. c3 b5 10. Nf1 Bb7 11. e5 Nd7 12. Bf4 Rfc8 13. h4 a5 14. h5 h6 15. N1h2 Qd8 16. Ng4 Bf8 17. Bf1 a4 18. Qd2 a3 19. b3 d4 20. c4 Nb4 21. Nfh2 bxc4 22. bxc4 Bc6 23. Bg2 Bxg2 24. Kxg2 Qa5 25. Qe2 Rcb8 26. Nxh6+ gxh6 27. Ng4 Bg7 28. Rh1 Qc7 29. Bxh6 Bxh6 30. Nxh6+ Kg7 31. Ng4 Rh8 32. Rae1 Nc6 33. Qe4 Ne7 34. h6+ 1-0

[Event "76th Montenegro Championship 2024"]
[Site "Podgorica"]
[Date "2024.02.07"]
[Round "2.15"]
[White "Petrovic, Slavko"]
[Black "Skvortsova, Alena"]
[Result "0-1"]
[ECO "B33"]
[WhiteElo "1836"]
[BlackElo "2111"]
[Annotator "RC"]
[PlyCount "158"]
[EventDate "2024.02.06"]
[EventType "swiss"]
[EventCountry "MNE"]
[SourceTitle "playchess.com"]
[Source "ChessBase"]
[SourceQuality "1"]
[TimeControl "40/5400+30:1800+30"]

1. e4 c5 2. Nf3 Nc6 3. d4 cxd4 4. Nxd4 e5 5. Nb3 Nf6 6. Bg5 h6 7. Bxf6 Qxf6 8. Nc3 Bb4 9. Qd2 O-O 10. a3 Bxc3 11. Qxc3 Qg6 12. Qe3 d5 13. exd5 Nd4 14. Nxd4 exd4 15. Qxd4 Re8+ 16. Kd1 Bf5 17. Bd3 Bxd3 18. cxd3 Qxg2 19. Kd2 Qg5+ 20. Kc3 Re2 21. Rhg1 Qd2+ 22. Kb3 g6 23. Rac1 Qa5 24. d6 Rd8 25. Rc7 Re6 26. Rxb7 Rexd6 27. Qc4 Qf5 28. Re1 Rd4 29. Re8+ Kg7 30. Rxd8 Rxc4 31. Kxc4 Qe6+ 32. Kc5 Qe5+ 33. Rd5 Qxh2 34. Rdd7 Qxf2+ 35. d4 h5 36. Rd8 h4 37. Rbb8 h3 38. Rh8 h2 39. Rbg8+ Kf6 40. Rh7 Qf5+ 41. d5 Qc2+ 42. Kd6 Qxb2 43. Rgh8 Qxa3+ 44. Kd7 Qe7+ 45. Kc6 Ke5 46. Rxh2 Qd6+ 47. Kb7 Qb6+ 48. Kc8 Kxd5 49. R8h7 Qe6+ 50. Kd8 a5 51. Ra2 Qb6+ 52. Ke8 f5 53. Re7 g5 54. Ree2 Qb4 55. Rab2 g4 56. Kf7 f4 57. Kf6 f3 58. Re5+ Kd4 59. Rxb4+ axb4 60. Rf5 b3 61. Rf4+ Kc3 62. Rxg4 b2 63. Rf4 b1=Q 64. Rxf3+ Kd4 65. Rf5 Qb6+ 66. Kg7 Ke4 67. Rf7 Qc6 68. Re7+ Kf5 69. Rf7+ Kg5 70. Kg8 Qe6 71. Kh8 Qh6+ 72. Kg8 Qh5 73. Rg7+ Kf6 74. Rg1 Qe8+ 75. Kh7 Qd7+ 76. Kg8 Qc8+ 77. Kh7 Qc7+ 78. Kg8 Qb8+ 79. Kh7 Qa7+ 0-1

[Event "76th Montenegro Championship 2024"]
[Site "Podgorica"]
[Date "2024.02.07"]
[Round "2.16"]
[White "Djukanovic, Sreten"]
[Black "Cadjenovic, Dragan"]
[Result "1-0"]
[ECO "A44"]
[WhiteElo "2068"]
[BlackElo "1809"]
[Annotator "NA RC"]
[PlyCount "50"]
[EventDate "2024.02.06"]
[EventType "swiss"]
[EventCountry "MNE"]
[SourceTitle "playchess.com"]
[Source "ChessBase"]
[SourceQuality "1"]
[TimeControl "40/5400+30:1800+30"]

1. d4 c5 2. d5 e5 3. e4 d6 4. Bb5+ Nd7 5. a4 Ngf6 6. Nc3 Be7 7. Nf3 O-O 8. O-O a6 9. Be2 Ne8 10. Nd2 g6 11. Nc4 Ng7 12. f4 f5 13. a5 Rb8 14. Ra3 Qc7 15. exf5 Nxf5 16. Ne4 b5 17. axb6 Nxb6 18. fxe5 Nxc4 19. Bxc4 Rb4 20. Qd3 Rb6 21. g4 Ng7 22. Rxf8+ Bxf8 23. e6 Ne8 24. Qf1 Bg7 25. Rf3 Nf6 1-0

[Event "76th Montenegro Championship 2024"]
[Site "Podgorica"]
[Date "2024.02.07"]
[Round "2.17"]
[White "Lekic, Pavle"]
[Black "Ratkovic, Milorad"]
[Result "1/2-1/2"]
[ECO "B40"]
[WhiteElo "1661"]
[BlackElo "2063"]
[Annotator "RC"]
[PlyCount "130"]
[EventDate "2024.02.06"]
[EventType "swiss"]
[EventCountry "MNE"]
[SourceTitle "playchess.com"]
[Source "ChessBase"]
[SourceQuality "1"]
[TimeControl "40/5400+30:1800+30"]

1. e4 c5 2. d3 e6 3. Nf3 Nc6 4. g3 Qc7 5. Bg2 b6 6. O-O Bb7 7. Nc3 a6 8. Bf4 d6 9. Re1 O-O-O 10. Qd2 h6 11. h4 Be7 12. a3 Bf6 13. Rab1 Nd4 14. Ne2 e5 15. Be3 Ne7 16. Bxd4 exd4 17. c3 dxc3 18. bxc3 Nc6 19. Nf4 Ne5 20. Qb2 g5 21. Nxe5 Bxe5 22. Bh3+ Kb8 23. Nd5 Bxd5 24. exd5 Ka7 25. d4 Bf6 26. Re3 gxh4 27. Rf3 Be7 28. Rxf7 Rhe8 29. a4 Rb8 30. Qe2 Rb7 31. Bf1 c4 32. Qxc4 Qxc4 33. Bxc4 Rc8 34. Re1 Rcc7 35. gxh4 Bxh4 36. Rxc7 Rxc7 37. Re4 Bxf2+ 38. Kxf2 Rxc4 39. Re6 Rxc3 40. Rxh6 Rc4 41. Ke3 Rxa4 42. Rxd6 Kb7 43. Rd7+ Kc8 44. Rh7 Ra1 45. Kf4 Re1 46. Kf5 a5 47. Ra7 Kb8 48. Rh7 a4 49. d6 Re8 50. Re7 Rd8 51. Ke6 Rh8 52. Kd7 Kb7 53. Ke6+ Kc8 54. Ra7 Rh6+ 55. Kd5 Kb8 56. Rxa4 Kb7 57. Rc4 Rh5+ 58. Ke6 Rh6+ 59. Ke5 Rh5+ 60. Ke4 Rh4+ 61. Kd3 Rh3+ 62. Kc2 Rh7 63. Kc3 Rd7 64. Rc7+ Rxc7+ 65. dxc7 Kxc7 1/2-1/2

[Event "76th Montenegro Championship 2024"]
[Site "Podgorica"]
[Date "2024.02.07"]
[Round "2.18"]
[White "Kandic, Milojko"]
[Black "Lakusic, Zoran"]
[Result "1-0"]
[ECO "B09"]
[WhiteElo "2046"]
[BlackElo "1650"]
[Annotator "NA RC"]
[PlyCount "77"]
[EventDate "2024.02.06"]
[EventType "swiss"]
[EventCountry "MNE"]
[SourceTitle "playchess.com"]
[Source "ChessBase"]
[SourceQuality "1"]
[TimeControl "40/5400+30:1800+30"]

1. e4 d6 2. d4 Nf6 3. Nc3 g6 4. f4 c6 5. a4 a6 6. Nf3 Bg4 7. h3 Bxf3 8. Qxf3 Qb6 9. e5 Nfd7 10. a5 Qc7 11. Bd3 e6 12. O-O c5 13. d5 c4 14. Be2 Nc5 15. Bxc4 Nbd7 16. dxe6 Nxe6 17. Bxe6 fxe6 18. exd6 Bxd6 19. Ne4 Bb4 20. Qb3 Bc5+ 21. Kh1 Qc6 22. Nxc5 Nxc5 23. Qc3 O-O 24. b4 Ne4 25. Qxc6 bxc6 26. Re1 Ng3+ 27. Kh2 Nf5 28. Bb2 Kf7 29. Rad1 Rad8 30. Be5 Ke7 31. c4 Rxd1 32. Rxd1 Ke8 33. g4 Ne3 34. Rd6 Nxc4 35. Rxc6 Nxe5 36. Rc8+ Ke7 37. Rxf8 Nxg4+ 38. hxg4 Kxf8 39. b5 1-0

[Event "76th Montenegro Championship 2024"]
[Site "Podgorica"]
[Date "2024.02.08"]
[Round "3.1"]
[White "Kadric, Denis"]
[Black "Vukcevic, Nemanja"]
[Result "1-0"]
[ECO "C41"]
[WhiteElo "2584"]
[BlackElo "2275"]
[Annotator "RC"]
[PlyCount "101"]
[EventDate "2024.02.06"]
[EventType "swiss"]
[EventCountry "MNE"]
[SourceTitle "playchess.com"]
[Source "ChessBase"]
[SourceQuality "1"]
[TimeControl "40/5400+30:1800+30"]

1. e4 d6 2. d4 Nf6 3. Nc3 e5 4. Nf3 Nbd7 5. Bc4 Be7 6. a4 O-O 7. O-O exd4 8. Nxd4 Ne5 9. Ba2 Nc6 10. Bf4 Nb4 11. Bb3 a6 12. Re1 c5 13. Nf3 Bg4 14. Rc1 Qc8 15. Bc4 Rd8 16. h3 Be6 17. Nd5 Bxd5 18. exd5 b5 19. axb5 axb5 20. Bxb5 Nfxd5 21. Bg3 Bf6 22. c3 Nc7 23. Bf1 Nbd5 24. Rc2 Nb6 25. Nh2 g6 26. Rd2 d5 27. Qf3 Bg5 28. Rde2 Ne6 29. h4 Bh6 30. Ng4 Bg7 31. h5 Ng5 32. Qf4 Qf5 33. h6 Bh8 34. Qxf5 gxf5 35. Ne3 f4 36. Bxf4 Ne6 37. Bg3 d4 38. cxd4 Nxd4 39. Bc7 Nxe2+ 40. Bxe2 Na4 41. Bxd8 Rxd8 42. b3 Nc3 43. Bc4 Kf8 44. Nf5 Bf6 45. g3 Rd2 46. Re3 Nd1 47. Re2 Rd7 48. Ra2 Nb2 49. Ra8+ Bd8 50. Rc8 Nd3 51. Kf1 1-0